 Dungeon Sprint DCSS version 0.31-a0-841-g038b102fc3 (webtiles) character file.

Game seed: 3001806954411926685

154 sircluck the Ruffian (level 5, 0/87 HPs)
             Began as a Troll Berserker on Sept 27, 2023.
             Was a Believer of Trog.
             Slain by a wight
             ... wielding a +3 halberd
              (13 damage)
             ... in the Dungeon (Sprint VII: "The Pits").
             The game lasted 00:00:12 (27 turns).

sircluck the Ruffian (Troll Berserker)                Turns: 27, Time: 00:00:13

Health: 0/87       AC:  4    Str: 27    XL:     5   Next: 13%
Magic:  4/4        EV: 11    Int:  3    God:    Trog [**....]
Gold:   0          SH:  0    Dex:  9    Spells: 4/4 levels left

rFire   . .          .
                       - Unarmed
rCold   . . .        (no shield)
rNeg    . . .        a - +0 animal skin
rPois   .            (helmet restricted)
rElec   .            (no cloak)
rCorr   .            (gloves unavailable)
SInv    .            (boots unavailable)
Will    .....        (no amulet) Stlth
                     (no ring)
HPRegen 1.14/turn    (no ring)
MPRegen 0.09/turn

%: no teleportation
@: berserking (expiring), very quick
A: large, unfitting armour, claws 3, regeneration 1, shaggy fur 1, tough skin 1
a: Renounce Religion, Berserk, Trog's Hand


You were in the Dungeon.
You worshipped Trog.
Trog was pleased with you.
You visited 1 branch

Inventory:

Armour
 a - a +0 animal skin (worn)
Scrolls
 g - a scroll of blinking
Potions
 b - a potion of curing
 c - a potion of heal wounds
 d - a potion of haste
 e - 2 potions of magic
 f - a potion of berserk rage


   Skills:
 + Level 5.6 Fighting
 + Level 5.5 Dodging
 + Level 6.6 Unarmed Combat


You had 4 spell levels left.
You didn't know any spells.
Your spell library was empty.

Dungeon Overview and Level Annotations

Branches:
Dungeon (1/1)

Altars:


Innate Abilities, Weirdness & Mutations

You are too large for most types of armour.
You have claws for hands.
Your natural rate of healing is unusually fast.
You are covered in fur. (AC +1)
You have tough skin. (AC +1)


Message History

Your Dodging skill gained 2 levels and is now at level 4!
Your Unarmed Combat skill gained 2 levels and is now at level 5!
You have reached level 2!
You have reached level 3!
Your experience leads to an increase in your attributes!
Increase (S)trength, (I)ntelligence, or (D)exterity?
You feel stronger. x3
Unknown command.
Unknown command.
Unknown command.
Unknown command.
You mangle the wight!!
You destroy the wight!
Trog accepts your kill.
Your Fighting skill increases to level 5!
You have reached level 4!
Unknown command.
Unknown command.
Unknown command.
Unknown command.
You claw the wight!
You feel the power of Trog in you as your rage grows.
You destroy the wight!
Trog accepts your kill.
You can now call upon Trog for regeneration and willpower.
Your Dodging skill increases to level 5!
Your Unarmed Combat skill increases to level 6!
You have reached level 5!
Unknown command.
Unknown command.
Unknown command.
The wight closely misses you. The wight hits you with a +0 war axe!
* * * LOW HITPOINT WARNING * * *
Things that are here:
a +4 morningstar; a +0 robe You barely miss the wight.
Your claw misses the wight. You claw the wight!
The wight is almost destroyed.
The wight closely misses you. The wight hits you with a +3 halberd!
You die...

##########++######
#................#
#......#..#......#
#..........e.....+
+................+
#.....)#)z#......#
#.......@z.......#
####'#####''######
#.......##''#
#.......##z...
#.......##.z.##
#...<...##z.##
#.......##..#
#.......##..+
#.......#


You could see a deep elf pyromancer and 2 wights.

Vanquished Creatures
  3 wights (D)
3 creatures vanquished.

Notes
Turn   | Place    | Note
-------+----------+-------------------------------------------
     0 | D        | sircluck the Troll Berserker began the quest for the Orb.
     0 | D        | Reached XP level 1. HP: 22/22 MP: 0/0
    11 | D        | Noticed a wight
    11 | D        | Noticed a wight
    11 | D        | Noticed a wight
    11 | D        | Noticed a wight
    11 | D        | Noticed a wight
    11 | D        | Noticed a deep elf pyromancer
    22 | D        | Killed a wight
    23 | D        | Reached skill level 5 in Unarmed Combat
    23 | D        | Reached XP level 2. HP: 10/32 MP: 1/1
    23 | D        | Reached XP level 3. HP: 12/39 MP: 2/2
    23 | D        | Killed a wight
    24 | D        | Reached skill level 5 in Fighting
    24 | D        | Reached XP level 4. HP: 17/50 MP: 3/3
    24 | D        | Reached ** piety under Trog
    25 | D        | Reached skill level 5 in Dodging
    25 | D        | Reached skill level 6 in Unarmed Combat
    25 | D        | Reached XP level 5. HP: 20/58 MP: 4/4
    27 | D        | Slain by a wight

Illustrated notes

Levels and vault maps discovered:
D:        pitsprint [storerooms_1, entrance_room_1, metal_vault_7, armoury_1,
          mini_pit_1, grid_room_1, main_hall_1, silver_pit, the_coven_2,
          the_vestibule_1, steel_vault_2, golden_pit, hallway_of_sentries,
          crystal_vault_3, iron_vault_4, final_vault]

Skill      XL: |  1  2  3  4 |
---------------+-------------+-----
Fighting       | 4 5 |  5.6
Dodging        | 4 5 |  5.5
Unarmed Combat | 5 6 |  6.6

Action                     |  1- 3 |  4- 6 || total
---------------------------+-------+-------++-------
  Melee: Unarmed           |     4 |     3 ||     7
 Invoke: Berserk           |     1 |       ||     1
 Armour: Animal skin       |     3 |     2 ||     5
  Dodge: Dodged            |       |     2 ||     2

Table legend: (Time is in decaauts)
 A = Elapsed time spent in this place.
 B = Non-inter-level travel time spent in this place.
 C = Inter-level travel time spent in this place.
 D = Time resting spent in this place.
 E = Time spent auto-exploring this place.
 F = Levels seen in this place.
 G = Mean time per level.
                   A        B        C        D        E       F      G
               +--------+--------+--------+--------+--------+-----+--------+
         Total |     23 |     23 |      0 |      0 |     11 |   1 |   23.0 |
       Dungeon |     23 |     23 |      0 |      0 |     11 |   1 |   23.0 |
               +--------+--------+--------+--------+--------+-----+--------+

Top non-repeatable levels by time:
       D: 23 daAuts
